 Seeded DCSS version 0.29-a0-876-gfc89b1a5bd (webtiles) character file.

Game seed: 8897551386731462229 (custom seed)

6 wilfster70 the Vexing (level 1, -1/12 HPs)
             Began as a Deep Elf Arcane Marksman on July 19, 2022.
             Slain by a kobold
             ... wielding a +0 dagger of holy wrath
              (2 damage)
             ... on level 1 of the Dungeon.
             The game lasted 00:01:38 (501 turns).

wilfster70 the Vexing (Deep Elf Arcane Marksman)     Turns: 501, Time: 00:01:38

Health: -1/12      AC:  2    Str:  7    XL:     1   Next: 75%
Magic:  3/5        EV: 12    Int: 17    God:
Gold:   8          SH:  0    Dex: 15    Spells: 2/3 levels left

rFire   . . .      SeeInvis .   a - +0 sling
rCold   . . .      Faith    .   (no shield)
rNeg    . . .      Spirit   .   c - +0 robe
rPois   .          Reflect  .   (no helmet)
rElec   .          Harm     .   (no cloak)
rCorr   .          Rampage  .   (no gloves)
Will    .....                   (no boots)
Stlth   +.........              (no amulet)
HPRegen 0.04/turn               (no ring)
MPRegen 0.09/turn               (no ring)

@: no status effects
A: no striking features
a: no special abilities


You were on level 1 of the Dungeon.
You visited 1 branch of the dungeon, and saw 1 of its levels.

You collected 8 gold pieces.

Inventory:

Hand Weapons
 a - a +0 sling (weapon)
Armour
 c - a +0 robe (worn)
Scrolls
 b - a scroll of vulnerability
Potions
 d - a potion of curing {unknown}


   Skills:
 + Level 1.0 Fighting
 * Level 3.2 Ranged Weapons
 - Level 2.4 Dodging
 - Level 1.5 Spellcasting
 - Level 4.0 Hexes


You had 2 spell levels left.
You knew the following spells:

 Your Spells              Type           Power      Damage    Failure   Level
a - Slow                  Hex            60%        N/A       3%          1

Your spell library contained the following spells:

 Spells                   Type           Power      Damage    Failure   Level
 Inner Flame              Hex/Fire       8%         N/A       26%         3
 Portal Projectile        Hex/Tloc       16%        N/A       26%         3
 Cause Fear               Hex            7%         N/A       36%         4


Dungeon Overview and Level Annotations

Branches:
Dungeon (1/15)

Altars:


Message History

You shoot a sling bullet.
The sling bullet closely misses the kobold.
You shoot a sling bullet. The sling bullet hits the kobold.
The kobold is moderately wounded.
The hobgoblin hits the bush but does no damage.
The hobgoblin hits the bush but does no damage.
The hobgoblin hits the bush but does no damage.
The kobold misses you.
The hobgoblin hits the bush but does no damage.
The hobgoblin hits the bush but does no damage.
The hobgoblin hits the bush but does no damage.
The hobgoblin hits the bush with a +0 dagger.
The hobgoblin hits the bush with a +0 dagger.
The hobgoblin hits the bush but does no damage.
The hobgoblin hits the bush with a +0 dagger.
The hobgoblin hits the bush but does no damage.
The kobold is no longer moving slowly.
The kobold hits you with a +0 dagger of holy wrath.
The kobold attacks as you move away!
The kobold hits you with a +0 dagger of holy wrath.
The kobold hits you with a +0 dagger of holy wrath.
Casting: Slow (safe; 3% risk of failure)
Confirm with . or Enter, or press ? or * to list all spells.
Aiming: Slow (safe; 3% risk of failure)
Press: ? - help, Shift-Dir - straight line, f/p - kobold
Aim: a kobold, wielding a +0 dagger of holy wrath (moderately wounded, chance to affect: 71%)
The kobold struggles to resist.
The kobold closely misses you. The kobold attacks as you move away!
The kobold barely misses you. The kobold attacks as you move away!
The kobold hits you with a +0 dagger of holy wrath.
* * * LOW HITPOINT WARNING * * *
Casting: Slow (safe; 3% risk of failure)
Confirm with . or Enter, or press ? or * to list all spells.
Aiming: Slow (safe; 3% risk of failure)
Press: ? - help, Shift-Dir - straight line, f/p - kobold
Aim: a kobold, wielding a +0 dagger of holy wrath (moderately wounded, chance to affect: 71%)
The kobold struggles to resist.
The kobold barely misses you. The kobold attacks as you move away!
The kobold hits you with a +0 dagger of holy wrath.
You die...

#######.##############....PPPP
#.....#.########## #.........
#.###.#..........# #.........
#[# #.##########.####.........
#.# #.# #........######## #.#
#.########.#...........# #.#
#..........#...........#
##.##############...........#
#....รท..(.....@K............#
#############################


You could see a kobold.

Vanquished Creatures
  A dart slug (D:1)
  An endoplasm (D:1)
  A hobgoblin (D:1)
  A frilled lizard (D:1)
4 creatures vanquished.

Notes
Turn   | Place    | Note
-------+----------+-------------------------------------------
     0 | D:1      | wilfster70 the Deep Elf Arcane Marksman began the quest for
                  | the Orb.
     0 | D:1      | Reached XP level 1. HP: 11/11 MP: 5/5
   105 | D:1      | Reached skill level 1 in Fighting
   501 | D:1      | Slain by a kobold

Illustrated notes

Levels and vault maps discovered:
D:1:      lemuel_arrival_behind_the_door_large, layout_basic, minivault_24,
          dreamdust_wishing_well, moated_statue, minmay_hedge_maze

Skill      XL: |  1 |
---------------+----+-----
Fighting       | 1 |  1.0
Ranged Weapons | 3 |  3.2
Dodging        | |  2.4
Spellcasting   | |  1.5
Hexes          | |  4.0

Action                   || total
-------------------------++-------
 Fire: Sling             ||    25
 Cast: Slow              ||     8
Dodge: Dodged            ||     7

Table legend: (Time is in decaauts)
 A = Elapsed time spent in this place.
 B = Non-inter-level travel time spent in this place.
 C = Inter-level travel time spent in this place.
 D = Time resting spent in this place.
 E = Time spent auto-exploring this place.
 F = Levels seen in this place.
 G = Mean time per level.
                   A        B        C        D        E       F      G
               +--------+--------+--------+--------+--------+-----+--------+
         Total |    507 |    507 |      0 |    283 |     32 |   1 |  507.0 |
       Dungeon |    507 |    507 |      0 |    283 |     32 |   1 |  507.0 |
               +--------+--------+--------+--------+--------+-----+--------+

Top non-repeatable levels by time:
     D:1: 507 daAuts
